General information
- name: BNet
- type: Ladder team game (AT/RT)
- host: Battle.net
- saver: C.R.E.A.M.
map: DragonFalls
- players: 8
- length: 40:45
- speed: Fast
- version: 1.28 W3XP
- replay type: Public
» download(189 KB)
Players
team 1 (loser)
mfGFisaSock2 (
yellow | 54 APM | 351 actions | 06:28)
2 Death Knight
1 Death Coil
1 Unholy Aura
» actions
| Assign group hotkey | 13 | |
| Build / train | 17 | |
| Enter build submenu | 10 | |
| Enter hero's abilities submenu | 2 | |
| Give item / drop item | 1 | |
| Right click | 169 | |
| Select / deselect | 77 | |
| Select group hotkey | 42 | |
| Use ability | 20 | |
351 total
» units
| Acolyte | 2 | |
| Ghoul | 2 | |
| Crypt Fiend | 6 | |
10 total
» buildings
| Graveyard | 1 | |
| Crypt | 1 | |
| Ziggurat | 4 | |
| Altar of Darkness | 1 | |
| Tomb of Relics | 1 | |
| Halls of the Dead | 1 | |
9 total
» build order
00:12 Graveyard
00:24 Crypt
00:37 Ziggurat
00:48 Altar of Darkness
01:13 Ziggurat
01:32 Tomb of Relics
03:20 Ziggurat
04:06 Halls of the Dead
05:06 Ziggurat
» items
| Rod of Necromancy | 1 | |
| Sacrificial Skull | 1 | |
2 total

»
JohnThomasHD (
teal | 32 APM | 205 actions | 06:24)
1 Death Knight
1 Death Coil
» actions
| Build / train | 18 | |
| Enter build submenu | 9 | |
| Enter hero's abilities submenu | 1 | |
| Remove unit from queue | 1 | |
| Right click | 58 | |
| Select / deselect | 104 | |
| Use ability | 12 | |
205 total
» units
» buildings
| Ziggurat | 5 | |
| Altar of Darkness | 1 | |
| Graveyard | 1 | |
| Crypt | 1 | |
| Nerubian Tower | 1 | |
| Tomb of Relics | 1 | |
| Spirit Tower | 2 | |
| Halls of the Dead | 1 | |
13 total
» build order
00:38 Ziggurat
00:42 Altar of Darkness
00:48 Graveyard
01:08 Ziggurat
01:28 Crypt
01:34 Nerubian Tower
02:05 Tomb of Relics
02:13 Spirit Tower
03:46 Halls of the Dead
04:08 Ziggurat
05:07 Ziggurat
05:07 Ziggurat
05:39 Spirit Tower
» items
| Healing Salve | 1 | |
| Lesser Clarity Potion | 1 | |
2 total
Burninator (
red | 48 APM | 313 actions | 06:31)
1 Mountain King
1 Storm Bolt
» actions
| Assign group hotkey | 7 | |
| Build / train | 38 | |
| ESC pressed | 1 | |
| Enter build submenu | 21 | |
| Enter hero's abilities submenu | 1 | |
| Right click | 81 | |
| Select / deselect | 110 | |
| Select group hotkey | 31 | |
| Use ability | 23 | |
313 total
» units
» upgrades
» buildings
| Farm | 4 | |
| Altar of Kings | 1 | |
| Barracks | 1 | |
| Scout Tower | 10 | |
| Arcane Tower | 1 | |
| Lumber Mill | 1 | |
| Keep | 1 | |
| Guard Tower | 5 | |
24 total
» build order
00:05 Farm
00:09 Altar of Kings
00:26 Farm
00:41 Barracks
01:24 Scout Tower
01:34 Farm
01:54 Arcane Tower
02:16 Farm
03:23 Lumber Mill
04:17 Keep
04:57 Scout Tower
05:00 Scout Tower
05:03 Scout Tower
05:08 Scout Tower
05:26 Scout Tower
05:29 Scout Tower
05:31 Scout Tower
05:34 Scout Tower
05:38 Guard Tower
05:47 Guard Tower
05:48 Scout Tower
05:57 Guard Tower
06:06 Guard Tower
uemailjake (
purple | 91 APM | 3720 actions | 40:44)
7 Blademaster
3 Wind Walk
3 Critical Strike
1 Bladestorm
» actions
| Assign group hotkey | 137 | |
| Basic commands | 113 | |
| Build / train | 155 | |
| ESC pressed | 1 | |
| Enter build submenu | 98 | |
| Enter hero's abilities submenu | 7 | |
| Give item / drop item | 15 | |
| Right click | 1553 | |
| Select / deselect | 460 | |
| Select group hotkey | 810 | |
| Use ability | 371 | |
3720 total
» units
| Peon | 16 | |
| Grunt | 5 | |
| Troll Headhunter/Berserker | 15 | |
| Goblin Shredder | 5 | |
| Goblin Zeppelin | 3 | |
| Troll Batrider | 1 | |
| Demolisher | 4 | |
49 total
» upgrades
| Armor | 3 | |
| Ranged Weapons | 4 | |
| Berserker Strength | 1 | |
| Reinforced Defenses | 1 | |
| Berserker Upgrade | 1 | |
| Troll Regeneration | 1 | |
| Spiked Barricades | 1 | |
| Melee Weapons | 3 | |
| Pillage | 1 | |
| Burning Oil | 1 | |
17 total
» buildings
| Orc Burrow | 8 | |
| Altar of Storms | 2 | |
| Barracks | 5 | |
| Voodoo Lounge | 3 | |
| War Mill | 2 | |
| Stronghold | 6 | |
| Great Hall | 2 | |
| Fortress | 8 | |
| Watch Tower | 51 | |
| Nerubian Tower | 5 | |
| Spirit Tower | 20 | |
| Ziggurat | 8 | |
| Tomb of Relics | 1 | |
| Beastiary | 4 | |
125 total
» build order
00:06 Orc Burrow
00:08 Orc Burrow
00:50 Altar of Storms
01:23 Barracks
01:44 Voodoo Lounge
02:09 War Mill
03:22 Orc Burrow
04:15 Stronghold
04:15 Stronghold
04:48 Great Hall
06:41 Fortress
06:42 Fortress
06:42 Fortress
06:46 Watch Tower
06:47 Watch Tower
07:31 Nerubian Tower
07:31 Spirit Tower
07:32 Spirit Tower
07:32 Spirit Tower
08:07 Watch Tower
08:08 Watch Tower
08:16 Spirit Tower
08:16 Spirit Tower
08:16 Spirit Tower
08:16 Spirit Tower
08:17 Spirit Tower
08:21 Ziggurat
08:22 Ziggurat
08:23 Ziggurat
08:26 Ziggurat
08:28 Ziggurat
08:42 Watch Tower
08:43 Watch Tower
09:04 Watch Tower
09:06 Watch Tower
10:16 Watch Tower
11:09 Watch Tower
11:21 Spirit Tower
11:21 Spirit Tower
11:22 Spirit Tower
11:23 Ziggurat
11:27 Ziggurat
11:32 Ziggurat
11:52 Watch Tower
11:55 Watch Tower
11:59 Watch Tower
11:59 Watch Tower
12:14 Tomb of Relics
12:25 Spirit Tower
12:26 Spirit Tower
12:27 Nerubian Tower
12:27 Nerubian Tower
12:27 Nerubian Tower
12:28 Spirit Tower
12:28 Spirit Tower
12:28 Spirit Tower
16:29 Voodoo Lounge
16:32 Orc Burrow
16:53 Great Hall
17:04 War Mill
18:28 Watch Tower
18:29 Watch Tower
18:30 Watch Tower
18:44 Watch Tower
19:10 Watch Tower
19:34 Watch Tower
19:37 Watch Tower
19:38 Watch Tower
19:41 Stronghold
19:41 Stronghold
19:50 Watch Tower
20:10 Watch Tower
20:31 Watch Tower
21:56 Altar of Storms
22:01 Orc Burrow
22:05 Orc Burrow
22:07 Orc Burrow
22:16 Watch Tower
22:18 Watch Tower
22:57 Watch Tower
23:00 Watch Tower
23:14 Fortress
23:15 Fortress
23:15 Fortress
23:45 Beastiary
23:47 Beastiary
23:49 Beastiary
24:00 Watch Tower
24:38 Watch Tower
24:40 Watch Tower
25:01 Voodoo Lounge
25:40 Watch Tower
25:42 Watch Tower
25:45 Watch Tower
25:48 Watch Tower
27:44 Watch Tower
28:02 Watch Tower
29:04 Watch Tower
29:13 Watch Tower
29:28 Watch Tower
29:35 Watch Tower
29:39 Watch Tower
32:54 Barracks
32:56 Barracks
32:58 Barracks
33:05 Beastiary
33:07 Barracks
33:52 Watch Tower
33:57 Watch Tower
34:01 Watch Tower
34:06 Watch Tower
35:15 Orc Burrow
35:33 Watch Tower
35:37 Watch Tower
35:41 Watch Tower
35:43 Watch Tower
» items
| Healing Salve | 6 | |
| Boots of Speed | 1 | |
| Potion of Mana | 5 | |
| Lesser Clarity Potion | 5 | |
| Orb of Lightning | 1 | |
| Potion of Healing | 2 | |
| Scroll of Town Portal | 1 | |
21 total
team 2 (winner)
rainucorpE (
green | 31 APM | 1250 actions | 40:44)
5 Paladin
2 Holy Light
3 Divine Shield
» actions
| Assign group hotkey | 36 | |
| Basic commands | 124 | |
| Build / train | 68 | |
| ESC pressed | 5 | |
| Enter build submenu | 26 | |
| Enter hero's abilities submenu | 5 | |
| Right click | 270 | |
| Select / deselect | 355 | |
| Select group hotkey | 285 | |
| Use ability | 76 | |
1250 total
» units
| Peasant | 9 | |
| Footman | 2 | |
| Rifleman | 18 | |
| Mortar Team | 21 | |
| Flying Machine | 5 | |
55 total
» upgrades
| Gunpowder | 2 | |
| Armor | 2 | |
| Long Rifles | 1 | |
5 total
» buildings
| Altar of Kings | 1 | |
| Farm | 13 | |
| Blacksmith | 1 | |
| Barracks | 2 | |
| Scout Tower | 1 | |
| Arcane Tower | 1 | |
| Keep | 1 | |
| Workshop | 2 | |
| Arcane Vault | 1 | |
| Town Hall | 1 | |
24 total
» build order
00:22 Altar of Kings
00:43 Farm
01:23 Blacksmith
01:27 Barracks
01:52 Farm
02:24 Farm
02:26 Scout Tower
03:09 Arcane Tower
03:13 Farm
03:49 Keep
04:21 Farm
05:06 Barracks
07:14 Workshop
07:46 Farm
07:48 Farm
07:48 Farm
08:00 Workshop
08:37 Arcane Vault
08:46 Farm
11:20 Farm
11:21 Farm
14:39 Farm
14:40 Farm
21:58 Town Hall

»
TheNatureBoy (
pink | 77 APM | 2030 actions | 26:18)
5 Demon Hunter
2 Mana Burn
2 Evasion
1 Immolation
» actions
| Assign group hotkey | 64 | |
| Basic commands | 178 | |
| Build / train | 85 | |
| ESC pressed | 9 | |
| Enter build submenu | 30 | |
| Enter hero's abilities submenu | 5 | |
| Remove unit from queue | 1 | |
| Right click | 1071 | |
| Select / deselect | 281 | |
| Select group hotkey | 260 | |
| Use ability | 46 | |
2030 total
» units
| Wisp | 32 | |
| Huntress | 12 | |
| Druid of the Talon | 2 | |
| Glaive Thrower | 2 | |
| Chimaera | 15 | |
| Hippogryph | 6 | |
69 total
» upgrades
| Vorpal Blades | 1 | |
| Corrosive Breath | 1 | |
| Strength of the Wild | 3 | |
| Reinforced Hides | 2 | |
7 total
» buildings
| Hunter's Hall | 1 | |
| Altar of Elders | 1 | |
| Moon Well | 8 | |
| Ancient of War | 4 | |
| Ancient Protector | 3 | |
| Tree of Life | 4 | |
| Tree of Ages | 1 | |
| Tree of Eternity | 1 | |
| Ancient of Wind | 1 | |
| Chimaera Roost | 3 | |
27 total
» build order
00:34 Hunter's Hall
00:47 Altar of Elders
01:02 Moon Well
01:30 Ancient of War
01:32 Ancient of War
02:08 Ancient of War
02:19 Ancient of War
02:33 Ancient Protector
02:35 Moon Well
02:39 Ancient Protector
04:21 Tree of Life
06:42 Tree of Ages
07:50 Moon Well
07:52 Moon Well
09:16 Tree of Eternity
09:20 Ancient of Wind
09:44 Moon Well
09:46 Moon Well
09:48 Ancient Protector
10:48 Tree of Life
11:43 Chimaera Roost
12:33 Chimaera Roost
13:43 Chimaera Roost
15:57 Moon Well
16:33 Tree of Life
17:00 Tree of Life
17:12 Moon Well
C.R.E.A.M. (
orange | 49 APM | 2016 actions | 40:45)
6 Blademaster
3 Wind Walk
2 Critical Strike
1 Bladestorm
» actions
| Assign group hotkey | 115 | |
| Basic commands | 444 | |
| Build / train | 80 | |
| Enter build submenu | 36 | |
| Enter hero's abilities submenu | 6 | |
| Give item / drop item | 12 | |
| Right click | 543 | |
| Select / deselect | 390 | |
| Select group hotkey | 257 | |
| Use ability | 133 | |
2016 total
» units
| Peon | 9 | |
| Grunt | 4 | |
| Goblin Shredder | 2 | |
| Goblin Zeppelin | 4 | |
| Wind Rider | 14 | |
| Goblin Sapper | 8 | |
| Green Dragon | 3 | |
44 total
» upgrades
| Armor | 3 | |
| Ranged Weapons | 3 | |
| Reinforced Defenses | 1 | |
| Envenomed Spears | 1 | |
8 total
» buildings
| Orc Burrow | 6 | |
| Altar of Storms | 1 | |
| Barracks | 1 | |
| War Mill | 2 | |
| Voodoo Lounge | 2 | |
| Stronghold | 1 | |
| Watch Tower | 19 | |
| Great Hall | 2 | |
| Beastiary | 4 | |
| Fortress | 1 | |
39 total
» build order
00:13 Orc Burrow
01:10 Altar of Storms
01:14 Barracks
01:20 Orc Burrow
02:04 War Mill
02:23 Voodoo Lounge
03:35 Stronghold
04:12 Watch Tower
05:32 Orc Burrow
05:36 Great Hall
06:01 Beastiary
06:02 Beastiary
06:06 Orc Burrow
09:50 War Mill
10:02 Voodoo Lounge
12:17 Watch Tower
12:18 Watch Tower
12:19 Watch Tower
12:19 Watch Tower
12:26 Watch Tower
12:26 Watch Tower
12:26 Watch Tower
12:27 Watch Tower
12:28 Watch Tower
12:29 Watch Tower
12:30 Watch Tower
12:30 Watch Tower
12:31 Beastiary
12:32 Beastiary
12:39 Fortress
14:07 Watch Tower
14:07 Watch Tower
14:08 Watch Tower
14:08 Watch Tower
14:09 Watch Tower
14:51 Orc Burrow
14:53 Orc Burrow
25:26 Great Hall
» items
| Healing Salve | 4 | |
| Scroll of Town Portal | 8 | |
| Lesser Clarity Potion | 1 | |
| Orb of Lightning | 2 | |
| Staff of Teleportation | 1 | |
| Potion of Lesser Invulnerability | 1 | |
| Potion of Healing | 1 | |
| Tiny Great Hall | 1 | |
19 total

»
Pireox (
blue | 21 APM | 872 actions | 40:44)
3 Far Seer
2 Feral Spirit
1 Far Sight
» actions
| Assign group hotkey | 16 | |
| Basic commands | 24 | |
| Build / train | 57 | |
| ESC pressed | 2 | |
| Enter build submenu | 57 | |
| Enter hero's abilities submenu | 3 | |
| Remove unit from queue | 6 | |
| Right click | 309 | |
| Select / deselect | 288 | |
| Select group hotkey | 45 | |
| Use ability | 65 | |
872 total
» units
| Peon | 20 | |
| Grunt | 1 | |
| Demolisher | 15 | |
| Wind Rider | 5 | |
41 total
» upgrades
| Spiked Barricades | 1 | |
| Ranged Weapons | 3 | |
4 total
» buildings
| Orc Burrow | 11 | |
| War Mill | 2 | |
| Watch Tower | 26 | |
| Altar of Storms | 1 | |
| Great Hall | 5 | |
| Barracks | 4 | |
| Stronghold | 1 | |
| Beastiary | 4 | |
| Fortress | 1 | |
55 total
» build order
00:25 Orc Burrow
00:41 War Mill
01:41 Orc Burrow
01:58 Watch Tower
02:04 Watch Tower
02:11 Watch Tower
02:39 Watch Tower
03:08 Watch Tower
03:28 Watch Tower
03:48 Watch Tower
03:59 Altar of Storms
04:19 Watch Tower
04:34 Watch Tower
04:44 Watch Tower
04:47 Watch Tower
05:07 Watch Tower
05:31 Watch Tower
05:45 Watch Tower
06:10 Watch Tower
06:13 Watch Tower
06:36 Watch Tower
07:15 Great Hall
07:20 Barracks
07:25 Orc Burrow
07:45 Watch Tower
08:19 Orc Burrow
08:29 Stronghold
08:57 Watch Tower
09:18 Watch Tower
09:41 Watch Tower
10:08 Barracks
10:49 Barracks
10:51 Barracks
11:01 Orc Burrow
11:50 Great Hall
13:34 Orc Burrow
13:35 Orc Burrow
14:29 Orc Burrow
16:05 Great Hall
18:22 Beastiary
18:25 Beastiary
18:28 Beastiary
18:31 Beastiary
19:07 Fortress
19:12 War Mill
23:22 Orc Burrow
23:23 Orc Burrow
23:25 Orc Burrow
25:44 Great Hall
25:51 Watch Tower
25:52 Watch Tower
25:53 Watch Tower
25:54 Watch Tower
25:57 Watch Tower
26:04 Great Hall
Chat log
(00:31 / All) C.R.E.A.M.: WOOOOOOOOOO
(00:37 / All) TheNatureBoy: WOOOOOOOOOOOOOOOOO
(00:50 / All) Burninator: trogdooooooooooooor
(00:53 / Allies) Pireox: :)
(01:08 / All) C.R.E.A.M.: My blademasters sword is made of diamond plated steel!
(01:18 / All) JohnThomasHD: Yeah and im the presidentm
(01:27 / All) uemailjake: haha, good one teal
(03:01 / All) JohnThomasHD: Nebual-B Frigate Reporting
(03:15 / All) JohnThomasHD: Nebulan-B Frigate Reporting
(06:30 / Allies) Pireox: well
(06:31 / Allies) Pireox: well
(06:33 / Allies) Pireox: well
(06:33 / Allies) TheNatureBoy: lol
(06:40 / Allies) Pireox: lol
(06:44 / Allies) Pireox: old school
(06:47 / Allies) Pireox: :)
(07:17 / Allies) TheNatureBoy: WOOOOOOOOOOO
(08:01 / Allies) C.R.E.A.M.: lumber
(09:46 / Allies) C.R.E.A.M.: lumber plez
(10:03 / Allies) Pireox: lol
(10:13 / Allies) TheNatureBoy: someones hungry for a win
(12:21 / Allies) Pireox: stay bacjk
(12:23 / Allies) Pireox: let mortals
(12:35 / Allies) C.R.E.A.M.: lumber
(12:50 / Allies) Pireox: tower for what??
(12:58 / Allies) C.R.E.A.M.: in case he hit me
(13:02 / Allies) Pireox: lol
(15:11 / Allies) C.R.E.A.M.: gold
(15:39 / Allies) C.R.E.A.M.: gold
(17:23 / Allies) Pireox: wtf
(17:25 / Allies) Pireox: orange
(17:29 / Allies) Pireox: its liining me
(17:33 / Allies) Pireox: guys
(17:53 / Allies) Pireox: guys
(17:59 / Allies) Pireox: can u kill ornange?
(18:09 / Allies) Pireox: dud
(18:55 / Allies) Pireox: ???
(19:07 / Allies) C.R.E.A.M.: gold
(19:23 / Allies) Pireox: ??????
(19:27 / Allies) Pireox: u sucks
(19:28 / Allies) Pireox: men
(19:38 / Allies) Pireox: guys
(19:41 / Allies) rainucorpE: need to find the remaining enemy
(19:42 / Allies) TheNatureBoy: unreal
(19:43 / Allies) Pireox: gold plz
(19:43 / Allies) TheNatureBoy: such a bitch
(20:37 / Allies) Pireox: so
(20:38 / Allies) Pireox: orange
(20:41 / Allies) Pireox: u wanna louse?
(20:47 / Allies) Pireox: killing ur team
(21:08 / Allies) Pireox: we need stop orange
(21:11 / Allies) Pireox: or what
(21:15 / Allies) Pireox: this sucks
(21:23 / Allies) TheNatureBoy: im done
(23:02 / Allies) Pireox: come ´pink
(24:41 / Allies) C.R.E.A.M.: gold please
(25:02 / Allies) Pireox: hero
(25:05 / Allies) Pireox: with chims
(26:51 / All) uemailjake: jesus
(26:53 / All) uemailjake: that hall cut it close
(27:02 / All) rainucorpE: good job purp
(27:05 / All) rainucorpE: you win
(27:08 / All) uemailjake: thanks
(27:10 / All) uemailjake: I worked hard for this
(27:14 / All) rainucorpE: you really did
(28:59 / All) C.R.E.A.M.: actually didn't think I could pull it off but they suck lol
(29:05 / All) C.R.E.A.M.: blue doesn't know shift
(29:13 / All) rainucorpE: yeah orange is really good
(29:22 / All) uemailjake: gg noobs 1v4
(29:23 / All) rainucorpE: not as good as purple
(29:26 / All) C.R.E.A.M.: lawl
(29:27 / Allies) rainucorpE: but good
(29:53 / All) C.R.E.A.M.: they always try reverse psychology
(29:57 / All) C.R.E.A.M.: thinking they'll pit us against each other lawl
(30:47 / All) C.R.E.A.M.: do you guys realize
(30:49 / All) C.R.E.A.M.: you are not going to win
(30:58 / All) rainucorpE: yeah
(31:03 / All) C.R.E.A.M.: scram
(31:12 / All) rainucorpE: we just figure you might as well waste as much time as possible
(31:17 / All) rainucorpE: while I go take a dump
(31:20 / All) rainucorpE: enjoy yourself
(31:20 / All) C.R.E.A.M.: that's very inconsiderate
(31:51 / All) C.R.E.A.M.: gonna give you hall
(31:59 / All) C.R.E.A.M.: get pults to kill blue tower
(32:20 / All) C.R.E.A.M.: there's hall
(32:41 / All) C.R.E.A.M.: Get pults
(32:45 / All) uemailjake: k
(32:50 / All) C.R.E.A.M.: where did you perch
(33:01 / All) uemailjake: you can see in my screenshot
(33:03 / All) uemailjake: bot right
(33:16 / All) C.R.E.A.M.: they could have killed it ez but first they'd have to find it lawl
(33:26 / All) uemailjake: It was nice buffer
(33:32 / All) C.R.E.A.M.: yeh
(33:45 / All) C.R.E.A.M.: they all had me countered lawl
(33:49 / All) C.R.E.A.M.: blue had like 100 food wyvs
(33:58 / All) C.R.E.A.M.: he should have fed more to pink to get hippo
(34:00 / All) C.R.E.A.M.: and green had rifle
(34:07 / All) C.R.E.A.M.: blue had more gold than me too
(34:20 / All) uemailjake: close game all because you didn't see the towers lol
(34:25 / All) C.R.E.A.M.: law,
(34:26 / All) uemailjake: that really fucked my team over
(34:30 / All) C.R.E.A.M.: your team all chickened out
(34:41 / All) C.R.E.A.M.: how did that fagtard not scout at all
(34:50 / All) uemailjake: They were blaming me for it LOL
(34:51 / All) C.R.E.A.M.: if he just crept his greens
(34:53 / All) uemailjake: since I wasn't helping
(34:56 / All) uemailjake: wtf was I supposed to do
(35:03 / All) uemailjake: I told them it wasn't my fault they didn't scout their base
(35:05 / All) C.R.E.A.M.: guess he's afk
(35:27 / All) C.R.E.A.M.: not much you could do until tier 2
(35:33 / All) C.R.E.A.M.: pults are tier 2 aren't they
(35:38 / All) uemailjake: yeah
(35:47 / All) uemailjake: I think all siege is
(35:50 / All) uemailjake: except glaive throwers
(35:52 / All) C.R.E.A.M.: I hate splash damage on dragons
(36:06 / All) C.R.E.A.M.: hurting your hero if you attack same building
(37:15 / All) C.R.E.A.M.: if they weren't retards they easily would have won this
(37:24 / All) uemailjake: I had very few buildings left too
(37:25 / All) C.R.E.A.M.: finish blue base
(37:31 / All) uemailjake: if they had taken the 100 food wyverns and etc to bot mid
(37:33 / All) C.R.E.A.M.: they had me countered all 3 of them
(37:34 / All) uemailjake: I'd have nothing
(37:36 / All) C.R.E.A.M.: and blue had more gold than I did
(37:46 / All) C.R.E.A.M.: had to go over 50 food
(37:59 / All) C.R.E.A.M.: I raped blues wyvs with shift key lol
(38:08 / All) uemailjake: For some reason demos benefit from orch armour upgrade
(38:13 / All) uemailjake: but I know for a fact meat wagons don't
(38:18 / All) C.R.E.A.M.: they didn't always
(38:26 / All) C.R.E.A.M.: buit they have for some time now
(38:33 / All) uemailjake: not sure why they do but not meat wagons
(38:42 / All) C.R.E.A.M.: maybe orc players complained
(39:21 / All) uemailjake: also it's the melee upgrade that benefits meat wagon damage
(39:25 / All) C.R.E.A.M.: just gonna kill all my buildings
(39:26 / All) uemailjake: but for demos it's the ranged upgrade
(39:27 / All) C.R.E.A.M.: they're not chatting
(39:33 / All) uemailjake: I was upgrading melee thinking it'd improve my demos
(39:55 / All) uemailjake: lol
(40:02 / All) uemailjake: My shredder is harvesting lumber at mid right expo
(40:06 / All) uemailjake: went all the way over there from bot mid
(40:21 / All) uemailjake: halfway across the map for lumber
(40:31 / All) C.R.E.A.M.: usually they just stop
(40:36 / All) uemailjake: yeah
(40:40 / All) uemailjake: on this map they seem to go forever